 Dungeon Crawl Stone Soup version 0.30.1-11-g7821555f0a (webtiles) character file.

Game seed: 16189901470619828011

66 Wiggles the Trooper (level 3, -7/51 HPs)
             Began as a Minotaur Berserker on Oct 27, 2023.
             Was a Believer of Trog.
             Killed by divine providence
             ... invoked by an orc priest
              (14 damage)
             ... on level 3 of the Dungeon.
             The game lasted 00:02:30 (1596 turns).

Wiggles the Trooper (Minotaur Berserker)            Turns: 1596, Time: 00:02:31

Health: -7/51      AC:  8    Str: 23    XL:     3   Next: 96%
Magic:  2/2        EV: 10    Int:  4    God:    Trog [**....]
Gold:   121        SH:  0    Dex:  9    Spells: 2/2 levels left

rFire   + . .        a - +0 hand axe
rCold   . . .        (no shield)
rNeg    . . .        c - +0 scale mail
rPois   .            (helmet restricted)
rElec   .            (no cloak)
rCorr   .            n - +0 pair of gloves
SInv    .            (no boots)
Will    .....        (no amulet) Stlth
                     j - ring of protection from fire
HPRegen 0.28/turn    (no ring)
MPRegen 0.08/turn

%: no passive effects
@: berserking, very quick
A: horns 2, retaliatory headbutt
a: Renounce Religion, Berserk, Trog's Hand


You were on level 3 of the Dungeon.
You worshipped Trog.
Trog was pleased with you.
You visited 1 branch of the dungeon, and saw 3 of its levels.

You collected 121 gold pieces.

Inventory:

Hand Weapons
 a - a +0 hand axe (weapon)
Armour
 c - a +0 scale mail (worn)
 n - a +0 pair of gloves (worn)
Jewellery
 j - a ring of protection from fire (left hand)
Scrolls
 d - a scroll of torment {unknown}
 g - 4 scrolls of identify {unknown}
 h - 2 scrolls of teleportation {unknown}
 i - a scroll of noise {unknown}
 k - a scroll of magic mapping {unknown}
 m - a scroll of fog {unknown}
 o - a scroll of enchant armour {unknown}
 p - 3 scrolls of fear {unknown}
Potions
 b - 2 potions of flight {unknown}
 e - a potion of magic {unknown}
 f - 2 potions of lignification {unknown}
 l - a potion of curing {unknown}


   Skills:
 + Level 4.6 Fighting
 + Level 4.3 Axes
 + Level 3.2 Armour
 + Level 2.6 Dodging


You had 2 spell levels left.
You didn't know any spells.
Your spell library was empty.

Dungeon Overview and Level Annotations

Branches:
Dungeon (3/15)

Altars:

Shops:
D:1 :


Innate Abilities, Weirdness & Mutations

You have a pair of horns on your head.
You reflexively headbutt those who attack you in melee.


Message History

The orc priest calls down the wrath of Beogh upon you.
Pain shoots through your body!
You see here the +2 robe "Rapn" {+Blink Str+2 Int+2 Dex+2}.
You hit the orc priest.
The orc priest is heavily wounded.
You hit the orc but do no damage.
The orc priest begins to cast a cantrip, but forgets the words!
The orc hits you with a +0 short sword.
You completely miss the orc priest.
The orc priest is heavily wounded.
You hit the orc but do no damage. You closely miss the orc.
The orc priest hits you but does no damage.
The orc hits you but does no damage. The orc hits you with a +0 hand axe.
You hit the orc priest.
The orc priest is severely wounded.
You closely miss the orc. You barely miss the orc.
The orc priest closely misses you. The orc closely misses you.
The orc hits you but does no damage. The orc hits you with a +0 short sword.
* * * LOW HITPOINT WARNING * * *
The orc priest closely misses you. The orc hits you with a +0 hand axe.
* * * LOW HITPOINT WARNING * * *
You hit the orc priest.
The orc priest is almost dead.
You hit the orc but do no damage. You hit the orc. The orc priest misses you.
The orc closely misses you. You furiously retaliate!
You headbutt the orc.
You kill the orc!
Trog accepts your kill. The orc barely misses you. You furiously retaliate!
You headbutt the orc, but do no damage. You closely miss the orc priest.
You headbutt the orc priest, but do no damage.
The orc priest is almost dead.
You hit the orc but do no damage. The orc hits you but does no damage.
The orc priest hits you with a +0 club.
* * * LOW HITPOINT WARNING * * *
A red film seems to cover your vision as you go berserk!
You feel yourself moving faster!
You feel mighty!
The orc priest mumbles some strange prayers to Beogh against you.
Beogh smites you!
You die...

........ ..####
............ ..#<.
.......#.###. ...#
.....#.#....†
#..###.##.##.......
#..................
#..........##......
##oo)......# #......
##..@.......###<...##
#..#.................
#............##.....#
......................#
............).#.†.....#
<....######..>..........
...............)........
..# ..#######†...##.##.
.# ####....##.#..


You could see an orc priest and an orc.

Vanquished Creatures
  An adder (D:2)
  A worm (D:3)
  A dart slug (D:3)
  2 orcs (D:3)
  7 ball pythons
  An endoplasm (D:2)
  A goblin (D:1)
  6 hobgoblins
  4 jackals (D:1)
  7 bats
  4 frilled lizards
  7 kobolds
  5 rats
47 creatures vanquished.

Notes
Turn   | Place    | Note
-------+----------+-------------------------------------------
     0 | D:1      | Wiggles the Minotaur Berserker began the quest for the Orb.
     0 | D:1      | Reached XP level 1. HP: 19/19 MP: 0/0
   180 | D:1      | Reached XP level 2. HP: 27/27 MP: 1/1
   472 | D:1      | Found Ohunir's Vocational Training.
   981 | D:2      | Reached XP level 3. HP: 33/33 MP: 2/2
  1005 | D:2      | Found a faded altar of an unknown god.
  1434 | D:3      | Reached ** piety under Trog
  1590 | D:3      | Identified the +2 robe "Rapn" {+Blink Str+2 Int+2 Dex+2}
  1596 | D:3      | Killed from afar by an orc priest

Illustrated notes

Levels and vault maps discovered:
D:1:      doesnt_arrival_eight_statues, layout_loops_ring,
          minmay_misc_feat_alley, nicolae_shop_vocational
D:2:      layout_basic, shapermc_ecumenical_altar_starsandcircs
D:3:      layout_rooms, xom_teletrap_fun

Skill      XL: |  1  2  3 |
---------------+----------+-----
Fighting       | 4 |  4.6
Axes           | 4 |  4.3
Armour         | 3 |  3.2
Dodging        | |  2.6

Action                     || total
---------------------------++-------
  Melee: Hand axe          ||    89
         Headbutt          ||    13
 Invoke: Berserk           ||     1
 Armour: Scale mail        ||    39
  Dodge: Dodged            ||    62
